 Dungeon Crawl Stone Soup version 0.22-a0-533-g4d20840 (webtiles) character file.

8 stealthycow the Shooter (level 2, 0/24 HPs)
             Began as a Centaur Hunter on June 22, 2018.
             Slain by a gnoll
             ... wielding a +0 halberd
              (7 damage)
             ... on level 1 of the Dungeon.
             The game lasted 00:01:16 (213 turns).

stealthycow the Shooter (Centaur Hunter)             Turns: 213, Time: 00:01:16

Health: 0/24       AC:  4    Str: 14    XL:     2   Next: 0%
Magic:  2/2        EV:  9    Int: 10    God:
Gold:   5          SH:  0    Dex:  9    Spells: 1/1 levels left

rFire    . . .     SeeInvis .   a - +1 shortbow
rCold    . . .     Gourm    .   (shield currently unavailable)
rNeg     . . .     Faith    .   c - +0 leather armour
rPois    .         Spirit   .   (no helmet)
rElec    .         Reflect  .   (no cloak)
rCorr    .         Harm     .   (no gloves)
MR       .....                  (no barding)
Stlth    +.........             (no amulet)
HPRegen  0.08/turn              (no ring)
MPRegen  0.08/turn              (no ring)

@: very quick
A: large, hooves 3, deformed body, speed 2, tough skin 3
a: no special abilities


You were on level 1 of the Dungeon.
You were not hungry.

You visited 1 branch of the dungeon, and saw 1 of its levels.

You collected 5 gold pieces.

Inventory:

Hand Weapons
 a - a +1 shortbow (weapon)
 b - a +0 short sword
Missiles
 d - 7 arrows (quivered)
Armour
 c - a +0 leather armour (worn)
Potions
 e - 2 potions of degeneration {unknown}
Comestibles
 f - 2 rations
 g - 2 chunks of flesh


   Skills:
 + Level 2.1 Fighting
 * Level 5.5 Bows
 + Level 1.5 Dodging
 + Level 0.6 Stealth


You had one spell level left.
You didn't know any spells.
Your spell library was empty.

Dungeon Overview and Level Annotations

Branches:
Dungeon (1/15)

Altars:


Innate Abilities, Weirdness & Mutations

You have hooves in place of feet.
Armour fits poorly on your strangely shaped body.
You cover ground very quickly.
You have extremely tough skin. (AC +3)


Message History

You shoot an arrow. The arrow barely misses the gnoll.
The gnoll barely misses you.
Firing (i - inventory)
d - 11 arrows (quivered)
Press: ? - help, Shift-Dir - straight line, f/p - gnoll
Aim: a gnoll, wielding a halberd (lightly wounded)
You shoot an arrow. The arrow closely misses the gnoll.
Firing (i - inventory)
d - 10 arrows (quivered)
Press: ? - help, Shift-Dir - straight line, f/p - gnoll
Aim: a gnoll, wielding a halberd (lightly wounded)
You shoot an arrow. The arrow barely misses the gnoll.
Firing (i - inventory)
d - 9 arrows (quivered)
Press: ? - help, Shift-Dir - straight line, f/p - gnoll
Aim: a gnoll, wielding a halberd (lightly wounded)
You shoot an arrow. The arrow closely misses the gnoll.
Firing (i - inventory)
d - 8 arrows (quivered)
Press: ? - help, Shift-Dir - straight line, f/p - gnoll
Aim: a gnoll, wielding a halberd (lightly wounded)
You shoot an arrow. The arrow closely misses the gnoll.
The gnoll hits you from afar with a halberd!
You die...

#.# #.# #.#.# #.#
#.# #...# #.# #.#
##(.# #.# #.#
#..### #.# #.#
#..#.. #.#####.#
#..#.#
#g#...#.######..#.#
#.#.#...........#.#
#.@...#.######.##.#
#######...>........
#######..####
#.....## ♣♣
#.###..#♣♣. #.#
##.#♣<. #.# #.#♣..
#.# #.#♣.P #.#
#.#...


You could see a gnoll.

Vanquished Creatures
  A dart slug (D:1)
  A giant cockroach (D:1)
  2 hobgoblins (D:1)
  A kobold (D:1)
  A rat (D:1)
6 creatures vanquished.

Notes
Turn   | Place    | Note
-------+----------+-------------------------------------------
     0 | D:1      | stealthycow the Centaur Hunter began the quest for the Orb.
     0 | D:1      | Reached XP level 1. HP: 17/17 MP: 1/1
   196 | D:1      | Reached XP level 2. HP: 24/24 MP: 2/2
   213 | D:1      | Slain by a gnoll

Vault maps used:
D:1:      tarquinn_simple_flora_water_c

Action                   || total
-------------------------++-------
Melee: Short sword       ||     3
 Fire: Shortbow          ||    21
Armor: Leather armour    ||     2
Dodge: Dodged            ||     4

Table legend:
 A = Spawn XP
 B = Non-spawn XP
 C = Spawn XP percentage of total XP
 D = Spawn monster count
 E = Non-spawn monster count
 F = Spawn count percentage of total count
 G = Total turns spent on level
                    A         B        C        D         E        F      G
               +---------+---------+-------+---------+---------+-------+---------
         Total |       0 |      12 |   0.0 |       0 |       6 |   0.0 |   213
               +---------+---------+-------+---------+---------+-------+---------
           D:1 |       0 |      12 |   0.0 |       0 |       6 |   0.0 |   213
               +---------+---------+-------+---------+---------+-------+---------
